 Dungeon Crawl Stone Soup version 0.29.0-11-gd7f09526c8 (webtiles) character file.

Game seed: 13490917936595263366

474 doricub5 the Trooper (level 6, 0/50 HPs)
             Began as a Demonspawn Berserker on Sept 3, 2022.
             Was a Priest of Trog.
             Slain by a jelly (2 damage)
             ... in a sewer.
             The game lasted 00:11:59 (3715 turns).

doricub5 the Trooper (Demonspawn Berserker)         Turns: 3715, Time: 00:12:00

Health: 0/50       AC: -3    Str: 19    XL:     6   Next: 84%
Magic:  6/6        EV: 11    Int:  8    God:    Trog [***...]
Gold:   111        SH:  0    Dex: 13    Spells: 5/5 levels left

rFire   . . .      SeeInvis .   d - +1 trident
rCold   . . .      Faith    .   (no shield)
rNeg    . . .      Spirit   .   b - +0 scale mail
rPois   .          Reflect  .   g - +1 helmet
rElec   .          Harm     .   o - +0 cloak
rCorr   .          Rampage  .   (no gloves)
Will    .....                   (no boots)
Stlth   ..........              (no amulet)
HPRegen 0.16/turn               (no ring)
MPRegen 0.10/turn               (no ring)

@: corroded
A: thin metallic scales 1, ignite blood 1
a: Renounce Religion, Berserk, Trog's Hand


You were in a sewer.
You worshipped Trog.
Trog was most pleased with you.
You visited 1 branch of the dungeon, and saw 3 of its levels.
You also visited: Sewer.

You collected 111 gold pieces.

Inventory:

Hand Weapons
 d - a +1 trident (weapon)
Missiles
 l - 5 javelins (quivered)
Armour
 b - a +0 scale mail (worn)
 g - a +1 helmet (worn)
 o - a +0 cloak (worn)
Scrolls
 c - a scroll of noise {unknown}
 e - a scroll of vulnerability {unknown}
 i - a scroll of poison {unknown}
 j - 2 scrolls of fog
 m - 2 scrolls of blinking {unknown}
 q - a scroll of brand weapon {unknown}
 r - 3 scrolls of teleportation {unknown}
Potions
 a - a potion of flight {unknown}
 f - 2 potions of invisibility {unknown}
 h - 2 potions of curing
 k - a potion of magic {unknown}
 n - a potion of experience {unknown}
 p - a potion of heal wounds {unknown}
 s - a potion of haste


   Skills:
 * Level 4.8 Fighting
 - Level 4.0 Polearms
 + Level 3.7 Armour
 + Level 3.5 Dodging


You had 5 spell levels left.
You didn't know any spells.
Your spell library was empty.

Dungeon Overview and Level Annotations

Branches:
Dungeon (3/15)              Sewer (1/1)

Altars:
Gozag


Innate Abilities, Weirdness & Mutations

You are partially covered in thin metallic scales. (AC +2)
Your demonic aura sometimes causes spilled blood to erupt in flames.


Message History

You see here a rat corpse.
Found a potion of haste.
Found a viscous altar of Jiyva.
Found 3 scrolls labelled NANORI PUEKH and a murky sapphire potion.
You enter the shallow water.
Moving in this stuff is going to be slow.
r - 3 scrolls labelled NANORI PUEKH
f - 2 murky sapphire potions (gained 1)
There is a viscous altar of Jiyva here.
s - a potion of haste
Okay, then.
HP restored.
You enter the shallow water.
Moving in this stuff is going to be slow.
You enter the shallow water.
Moving in this stuff is going to be slow.
You enter the shallow water.
Moving in this stuff is going to be slow.
A jelly comes into view.
Found a murky sapphire potion.
The jelly quivers.
You puncture the jelly!
Your hands burn!
The jelly is severely wounded.
The jelly hits you. The acid corrodes you!
You are splashed with acid!
You hit the jelly. The acid corrodes you!
Your hands burn!
The jelly is almost dead.
The jelly hits you.
You are splashed with acid!
You are too injured to fight recklessly!
You are too injured to fight recklessly!
You hit the jelly but do no damage. The acid corrodes you!
Your hands burn!
* * * LOW HITPOINT WARNING * * *
The jelly is almost dead.
The jelly hits you.
* * * LOW HITPOINT WARNING * * *
You are splashed with acid!
* * * LOW HITPOINT WARNING * * *
You hit the jelly but do no damage. The acid corrodes you!
Your hands burn!
* * * LOW HITPOINT WARNING * * *
The jelly is almost dead.
The jelly hits you.
You die...

#~.~####~~.#~~#
#...~~##..##..####
##.~~..####~~.~..##
####..~~##...~.~..#
!.##~~.~~~~###†...
!~.##.÷÷..##.##.~~
##..!#~~.~##~..#..#
##~J.##~.~~~.~.##..#
#~.@##.~~.....##...#
#~..#~.~#~~~.~~.~∩##
##~~..~##~.~#~~.~##
##~~~####..###### #
##### #.~~#######
##.~..~#..†
##..~~~~~~ ###~...~#
##...##


You could see a jelly.

Vanquished Creatures
  Sigmund (D:2)
  3 jellies (Sewer)
  Jessica (D:2)
  4 adders
  2 river rats (D:3)
  A worm (D:3)
  5 dart slugs
  4 orcs (D:3)
  6 bats
  14 endoplasms
  14 giant cockroaches
  6 goblins
  9 hobgoblins
  5 jackals (D:3)
  3 quokkas
  14 ball pythons
  6 frilled lizards
  7 kobolds
  10 rats
115 creatures vanquished.

Notes
Turn   | Place    | Note
-------+----------+-------------------------------------------
     0 | D:1      | doricub5 the Demonspawn Berserker began the quest for the
                  | Orb.
     0 | D:1      | Reached XP level 1. HP: 18/18 MP: 1/1
    99 | D:1      | Gained mutation: You are partially covered in thin metallic
                  | scales. (AC +2) [demonic ancestry]
    99 | D:1      | Reached XP level 2. HP: 11/24 MP: 2/2
   473 | D:1      | Found a faded altar of an unknown god.
   551 | D:1      | Reached ** piety under Trog
   607 | D:1      | Reached XP level 3. HP: 29/29 MP: 3/3
  1045 | D:2      | Noticed Jessica
  1045 | D:2      | Found an opulent altar of Gozag.
  1126 | D:2      | Killed Jessica
  1127 | D:2      | Gained mutation: Your demonic aura sometimes causes spilled
                  | blood to erupt in flames. [demonic ancestry]
  1127 | D:2      | Reached XP level 4. HP: 33/36 MP: 4/4
  1759 | D:2      | Noticed Sigmund
  1770 | D:2      | Killed Sigmund
  1771 | D:2      | Reached XP level 5. HP: 30/42 MP: 5/5
  1771 | D:2      | Reached XP level 6. HP: 35/48 MP: 6/6
  2955 | D:3      | Reached *** piety under Trog
  3149 | D:3      | Found a glowing drain.
  3250 | Sewer    | Entered a sewer
  3643 | Sewer    | Found a viscous altar of Jiyva.
  3715 | Sewer    | HP: 2/50 [acid (4)]
  3715 | Sewer    | Slain by a jelly

Illustrated notes

Levels and vault maps discovered:
D:1:      lightli_arrival_statuegarden, layout_loops_ring,
          ebering_ecumenical_altar_petrified
D:2:      minmay_inner_zag, layout_basic, basic_altar, serial_rivers,
          chequers_serial_rivers_large_b, chequers_serial_rivers_small_3,
          chequers_serial_rivers_large_a, chequers_serial_rivers_micro_d,
          uniq_jessica, uniq_sigmund
D:3:      layout_loops_cross, gup_sewer_entry_bubbles, kennysheep_nub,
          uniq_crazy_yiuf_cottage
Sewer:    sewer_hellmonk_slimy_pipes

Skill      XL: |  1  2  3  4  5  6 |
---------------+-------------------+-----
Armour         | 2 3 |  3.7
Dodging        | 2 3 |  3.5
Polearms       | 3 4 |  4.0
Fighting       | 4 |  4.8

Action                   |  1- 3 |  4- 6 || total
-------------------------+-------+-------++-------
Melee: Spear             |   122 |    30 ||   152
       Punch             |     2 |     3 ||     5
       Trident           |       |   223 ||   223
Throw: Javelin           |       |     2 ||     2
Invok: Berserk           |       |     1 ||     1
       Trog's Hand       |       |     1 ||     1
  Use: Scroll            |       |     6 ||     6
       Potion            |       |     1 ||     1
 Stab: Sleeping          |     4 |       ||     4
Armor: Animal skin       |    14 |       ||    14
       Ring mail         |    14 |     4 ||    18
       Scale mail        |       |   114 ||   114
Dodge: Dodged            |    65 |   126 ||   191
